 Dungeon Crawl Stone Soup version 0.31.0-9-g3a7656b989 (webtiles) character file.

Game seed: 9909823236041934136

409 qw the Shooter (level 6, -3/30 HPs)
             Began as a Spriggan Hunter on Feb 2, 2024.
             Was a Follower of Okawaru.
             Incinerated by a bombardier beetle (4 damage)
             ... with a burning spray
             ... on level 4 of the Dungeon.
             The game lasted 00:00:14 (2705 turns).

qw the Shooter (Spriggan Hunter)                    Turns: 2705, Time: 00:00:15

Health: -3/30      AC:  2    Str:  7    XL:     6   Next: 58%
Magic:  8/8        EV: 21    Int: 11    God:    Okawaru [*.....]
Gold:   150        SH:  0    Dex: 20    Spells: 5/5 levels left

rFire   . . .        a - +0 shortbow
rCold   . . .        (shield currently unavailable)
rNeg    . . .        c - +0 robe
rPois   .            (helmet restricted)
rElec   .            (no cloak)
rCorr   .            (gloves unavailable)
SInv    +            (boots unavailable)
Will    +....        (no amulet)
Stlth   +            (no ring)
HPRegen 0.25/turn    (no ring)
MPRegen 0.11/turn

%: no passive effects
@: on fire, glowing, very quick
A: very small, no large weapons, unfitting armour, see invisible, speed 3
a: Renounce Religion, Heroism


You were on level 4 of the Dungeon.
You worshipped Okawaru.
Okawaru was aware of your devotion.
You visited 1 branch of the dungeon, and saw 4 of its levels.

You collected 234 gold pieces.
You spent 84 gold pieces at shops.


Innate Abilities, Weirdness & Mutations

You are very small and have problems with some larger weapons.
You are too small for most types of armour.
You have supernaturally acute eyesight. (SInv)
You cover ground extremely quickly. (Speed+++)


   Skills:
 - Level 2.0 Fighting
 + Level 6.0 Ranged Weapons
 - Level 6.0 Dodging
 - Level 1.5 Stealth
 + Level 2.3 Invocations


You had 5 spell levels left.
You didn't know any spells.
Your spell library was empty.

Inventory:

Hand Weapons
 a - a +0 shortbow (weapon)
Armour
 c - a +0 robe (worn)
Jewellery
 l - a +6 ring of strength
Wands
 f - a wand of flame (8)
 j - a wand of polymorph (4)
Scrolls
 b - a scroll of teleportation
Potions
 d - a potion of might
 e - a potion of cancellation
 g - a potion of haste
 h - a potion of degeneration {unknown}
 i - a potion of lignification {unknown}
 k - a potion of attraction {unknown}

Dungeon Overview and Level Annotations

Branches:
Dungeon (4/15)
 Temple: D:4-7

Altars:
Gozag
Okawaru
Qazlal
Sif Muna
Zin

Shops:
D:3 ?


Message History

You feel sick. The adder misses you.
You shoot an arrow. The arrow hits the adder!
You kill the adder!
Okawaru accepts your kill.
You feel sick.
You shoot an arrow. The arrow hits the bombardier beetle!
The bombardier beetle is heavily wounded.
You feel sick.
You are no longer poisoned.
You shoot an arrow.
The arrow hits the bombardier beetle but does no damage.
The bombardier beetle is heavily wounded.
The bombardier beetle closely misses you.
You shoot an arrow. The arrow hits the bombardier beetle.
The bombardier beetle is severely wounded.
You shoot an arrow.
The arrow barely misses the bombardier beetle.
The bombardier beetle sprays incendiary fluid at you.
The burning spray hits you.
You are covered in liquid fire!
You shoot an arrow. The arrow hits the bombardier beetle.
The bombardier beetle is severely wounded.
The liquid fire burns you! The bombardier beetle misses you.
You shoot an arrow. The arrow hits the bombardier beetle!
You kill the bombardier beetle!
Okawaru accepts your kill. The liquid fire burns you!
Your Dodging skill increases to level 6!
You are on fire!
The liquid fire burns you!
You are on fire!
The liquid fire burns you!
You are on fire!
The liquid fire burns you!
You are on fire!
The liquid fire burns you!
You are on fire!
The liquid fire burns you!
You die...

#.........#.....##......
#........###....##......
######.......## ##...##......
#.............#.#....##....#.
#..........#.##.##.#..#......
#.........####. ####......#.
##........##(). ##.......
#..........##%# ####...<..#.
##...........#@##
##.#).#......
###...............#
#....#######.
.............¤...## ##.###
#.. ..#.#.#.#.#.#¤.¤..###..#
##. .~...~...~...¤¤.#..#..##
#.. #.#.#.#.#.#.#.#.%.....##
##. ...~...~...~....#...#..#
#.. #.#.#.#.#.#.#.#.###..#.#
##. ¤¤..[~...~...~..# ##...#
#..


There were no monsters in sight!

Vanquished Creatures
  A sky beast (D:3)
  2 bombardier beetles
  A hound (D:4)
  Jessica (D:3)
  7 adders
  3 gnolls (D:3)
  A white imp (D:3)
  3 dart slugs
  A ribbon worm (D:3)
  An orc (D:3)
  8 endoplasms
  2 giant cockroaches
  5 goblins
  7 hobgoblins
  11 jackals
  8 quokkas
  9 ball pythons
  8 bats
  3 frilled lizards
  6 kobolds
  5 rats
93 creatures vanquished.

Notes
Turn   | Place    | Note
-------+----------+-------------------------------------------
     0 | D:1      | qw the Spriggan Hunter began the quest for the Orb.
     0 | D:1      | Reached XP level 1. HP: 10/10 MP: 2/2
     0 | D:1      | 0 ||| qw: Version: 0.3-a-155-g5e7d8dd
     0 | D:1      | 0 ||| qw: Game counter: 818
     0 | D:1      | 0 ||| qw: Melee chars always use a shield: true
     0 | D:1      | 0 ||| qw: God list: Okawaru
     0 | D:1      | 0 ||| qw: Allow faded altars: false
     0 | D:1      | 0 ||| qw: Do Orc after clearing Dungeon:15 true
     0 | D:1      | 0 ||| qw: Do second Lair branch before Depths: true
     0 | D:1      | 0 ||| qw: Lair rune preference: random
     0 | D:1      | 0 ||| qw: Goals: Normal
     0 | D:1      | 0 ||| PLANNING D:1-11
    44 | D:1      | Reached skill level 3 in Dodging
    92 | D:1      | Reached XP level 2. HP: 14/14 MP: 3/3
   280 | D:1      | Reached XP level 3. HP: 14/18 MP: 4/4
   545 | D:1      | 545 ||| READING scroll labelled SILOIZ JERIS.
   550 | D:1      | 550 ||| READING 2 scrolls labelled ITHRAB ULUCUAN.
   550 | D:1      | 550 ||| IDENTIFYING fuming yellow potion
   551 | D:1      | 551 ||| DROPPING scroll of butterflies.
   552 | D:1      | 552 ||| DROPPING potion of invisibility.
   799 | D:2      | Reached XP level 4. HP: 19/22 MP: 5/5
   815 | D:2      | Found an iron altar of Okawaru.
   816 | D:2      | 816 ||| PLANNING OKAWARU WORSHIP
   816 | D:2      | 816 ||| READING scroll of identify.
   816 | D:2      | 816 ||| IDENTIFYING puce potion
   817 | D:2      | 817 ||| READING scroll labelled GIOQOL HEUTO.
   928 | D:2      | 928 ||| DROPPING potion of brilliance.
   934 | D:2      | Became a worshipper of Warmaster Okawaru
   935 | D:2      | 935 ||| PLANNING D:1-11
  1013 | D:2      | 1013 ||| READING scroll labelled ZYCUCK INOL.
  1015 | D:2      | 1015 ||| Stepping ~*~*~tactically~*~*~ (cloud).
  1021 | D:2      | HP: 5/22 [poisoned by you (poison gas)]
  1025 | D:2      | HP: 2/22 [poisoned by you (poison gas)]
  1166 | D:2      | Identified the maw talisman "Ming" {rF++ Will- rCorr Dex+3}
  1341 | D:1      | 1341 ||| Stepping randomly (stuck).
  1342 | D:1      | 1342 ||| Stepping randomly (stuck).
  1343 | D:1      | 1343 ||| Stepping randomly (stuck).
  1344 | D:1      | 1344 ||| Stepping randomly (stuck).
  1576 | D:2      | 1576 ||| READING scroll labelled OTTOHUY WUROA.
  1607 | D:3      | Found a glowing silver altar of Zin.
  1621 | D:3      | Found a shimmering blue altar of Sif Muna.
  1690 | D:3      | Found an iron altar of Okawaru.
  1757 | D:3      | Found a stormy altar of Qazlal.
  1757 | D:3      | Noticed a sky beast
  1758 | D:3      | 1758 ||| ZAPPING wand of flame (16) at -7,4 (sky beast;
                  | altar_qazlal).
  1759 | D:3      | 1759 ||| ZAPPING wand of flame (15) at -6,3 (sky beast;
                  | floor).
  1760 | D:3      | 1760 ||| ZAPPING wand of flame (14) at -5,3 (sky beast;
                  | floor).
  1761 | D:3      | 1761 ||| ZAPPING wand of flame (13) at -4,2 (sky beast;
                  | floor).
  1762 | D:3      | 1762 ||| ZAPPING wand of flame (12) at -3,2 (sky beast;
                  | floor).
  1763 | D:3      | 1763 ||| ZAPPING wand of flame (11) at -2,1 (sky beast;
                  | floor).
  1764 | D:3      | 1764 ||| ZAPPING wand of flame (10) at -1,0 (sky beast;
                  | floor).
  1765 | D:3      | 1765 ||| ZAPPING wand of flame (9) at -1,0 (sky beast;
                  | floor).
  1765 | D:3      | Killed a sky beast
  1765 | D:3      | Reached * piety under Okawaru
  1766 | D:3      | Reached XP level 5. HP: 18/26 MP: 6/6
  1925 | D:3      | Found Iqiver's Magic Scroll Shop.
  1931 | D:3      | 1931 ||| BUYING scroll of identify (28 gold).
  1931 | D:3      | Bought a scroll of identify for 28 gold pieces
  1931 | D:3      | 1931 ||| BUYING scroll of identify (28 gold).
  1931 | D:3      | Bought a scroll of identify for 28 gold pieces
  1931 | D:3      | 1931 ||| BUYING scroll of identify (28 gold).
  1931 | D:3      | Bought a scroll of identify for 28 gold pieces
  1957 | D:3      | Noticed Jessica
  1958 | D:3      | Killed Jessica
  1959 | D:3      | Reached skill level 6 in Ranged Weapons
  2002 | D:3      | Reached skill level 1 in Invocations
  2127 | D:3      | Reached XP level 6. HP: 26/30 MP: 7/7
  2359 | D:3      | 2359 ||| READING 3 scrolls of identify.
  2359 | D:3      | 2359 ||| IDENTIFYING cyan potion
  2360 | D:3      | 2360 ||| READING 2 scrolls of identify.
  2360 | D:3      | 2360 ||| IDENTIFYING sedimented black potion
  2361 | D:3      | 2361 ||| READING scroll of identify.
  2361 | D:3      | 2361 ||| IDENTIFYING brown potion
  2467 | D:4      | Found an opulent altar of Gozag.
  2701 | D:4      | Reached skill level 6 in Dodging
  2703 | D:4      | HP: 5/30 [burnt (5)]
  2704 | D:4      | HP: 1/30 [burnt (4)]
  2705 | D:4      | Incinerated by a bombardier beetle

Levels and vault maps discovered:
D:1:      elethiomel_arrival_shortcut, layout_basic, minmay_hexomino_p4
D:2:      layout_loops_ring, basic_altar
D:3:      layout_basic, general_overflow_altar, okawaru_gym_becter,
          amcnicky_altar_gilded, nicolae_qazlal_beasts_of_the_sky, serial_shops,
          nicolae_shop_competitors_out_of_business, uniq_jessica
D:4:      layout_basic, grunt_gozag_breadcrumbs, nrook_mini_backslash,
          st_stairs_12, kennysheep_crisscross, minmay_fractal_squares_gapless_5

Skill      XL: |  1  2  3  4  5  6 |
---------------+-------------------+-----
Dodging        | 3 4 5 6 |  6.0
Ranged Weapons | 5 6 |  6.0
Fighting       | 2 |  2.0
Invocations    | 1 2 |  2.3
Stealth        | |  1.5

Action                     |  1- 3 |  4- 6 || total
---------------------------+-------+-------++-------
   Fire: Shortbow          |   145 |   159 ||   304
  Evoke: Wand              |       |     8 ||     8
    Use: Scroll            |     2 |     7 ||     9
 Armour: Robe              |    20 |    23 ||    43
  Dodge: Dodged            |   102 |    63 ||   165

Table legend:
 A = Non-vault XP
 B = Vault XP
 C = Vault XP percentage of total XP
 D = Non-vault monster count
 E = Vault monster count
 F = Vault count percentage of total count
                 A         B        C        D         E       F
            +---------+---------+-------+---------+---------+-------
      Total |     331 |     254 |  43.4 |      80 |      13 |  14.0
            +---------+---------+-------+---------+---------+-------
        D:1 |      52 |       6 |  10.3 |      28 |       4 |  12.5
        D:2 |      61 |       0 |   0.0 |      22 |       0 |   0.0
        D:3 |     172 |     166 |  49.1 |      26 |       2 |   7.1
        D:4 |      46 |      82 |  64.1 |       4 |       7 |  63.6
            +---------+---------+-------+---------+---------+-------
